 Dungeon Crawl Stone Soup version 0.28-a0-1038-g9c4cb8273d (webtiles) character file.

Game seed: 9850689532511319078

401 siradein the Cudgeller (level 6, -15/61 HPs)
             Began as a Troll Fighter on Dec 8, 2021.
             Demolished by Duvessa (20 damage)
             ... on level 4 of the Dungeon.
             The game lasted 00:08:25 (3333 turns).

siradein the Cudgeller (Troll Fighter)              Turns: 3333, Time: 00:08:26

Health: -15/61     AC:  4    Str: 25    XL:     6   Next: 54%
Magic:  5/5        EV:  8    Int:  4    God:
Gold:   184        SH:  7    Dex: 11    Spells: 5/5 levels left

rFire   . . .      SeeInvis .   a - +0 flail
rCold   . . .      Faith    .   c - +0 kite shield
rNeg    . . .      Spirit   .   b - +0 robe
rPois   .          Reflect  .   (helmet restricted)
rElec   .          Harm     .   (no cloak)
rCorr   .          Rampage  .   (gloves unavailable)
Will    .....                   (boots unavailable)
Stlth   +.........              q - amulet of magic regeneration
HPRegen 1.00/turn               (no ring)
MPRegen 0.49/turn               (no ring)

@: no status effects
A: large, unfitting armour, claws 3, regeneration 1, shaggy fur 1, tough skin 1
a: no special abilities


You were on level 4 of the Dungeon.
You visited 1 branch of the dungeon, and saw 4 of its levels.

You collected 184 gold pieces.

Inventory:

Hand Weapons
 a - a +0 flail (weapon)
Missiles
 k - 3 boomerangs (quivered)
Armour
 b - a +0 robe (worn)
 c - a +0 kite shield (worn)
Jewellery
 q - an amulet of magic regeneration (around neck)
Scrolls
 f - 2 scrolls of noise {unknown}
 h - 3 scrolls of teleportation {unknown}
 i - 3 scrolls of fear {unknown}
 j - a scroll of magic mapping {unknown}
 l - a scroll of enchant weapon {unknown}
 o - 2 scrolls of identify {unknown}
Potions
 d - 2 potions of might
 e - 2 potions of haste {unknown}
 g - 2 potions of curing {unknown}
 m - 2 potions of berserk rage {unknown}
 n - a potion of invisibility {unknown}
 p - a potion of heal wounds {unknown}


   Skills:
 + Level 3.4 Fighting
 + Level 4.2 Maces & Flails
 + Level 3.5 Dodging
 + Level 0.5 Stealth
 + Level 3.1 Shields


You had 5 spell levels left.
You didn't know any spells.
Your spell library contained the following spells:

 Spells                   Type           Power      Damage    Failure   Level
 Slow                     Hex            0%         N/A       89%         1
 Confusing Touch          Hex            0%         N/A       99%         3
 Conjure Flame            Conj/Fire      0%         6-21      99%         3
 Gell's Gravitas          Tloc           0%         N/A       99%         3
 Ignite Poison            Fire/Tmut/Pois 0%         N/A       99%         3
 Lesser Beckoning         Tloc           0%         N/A       99%         3
 Mephitic Cloud           Conj/Pois/Air  0%         N/A       99%         3
 Teleport Other           Tloc           0%         N/A       99%         3
 Fulminant Prism          Conj/Hex       0%         3d6       100%        4
 Iskenderun's Mystic Bla  Conj/Tloc      0%         2d3       100%        4
 Sticky Flame             Conj/Fire      0%         2d3       100%        4
 Freezing Cloud           Conj/Ice/Air   0%         6-21      100%        5
 Lee's Rapid Deconstruct  Erth           0%         3d5*      100%        5
 Yara's Violent Unravell  Hex/Tmut       0%         3d3       100%        5


Dungeon Overview and Level Annotations

Branches:
Dungeon (4/15)
 Temple: D:4-7

Altars:
Elyvilon
The Shining One

Annotations:
D:4 Duvessa


Innate Abilities, Weirdness & Mutations

You are too large for most types of armour.
You have claws for hands.
Your natural rate of healing is unusually fast.
You are covered in fur. (AC +1)
You have tough skin. (AC +1)


Message History

The howler monkey is heavily wounded.
The howler monkey hits you but does no damage.
The howler monkey hits you.
You thump the howler monkey!
You kill the howler monkey!
No target in view!
You start waiting.
Done waiting.
You climb downwards.
Level annotation: Duvessa The hobgoblin shouts!
Duvessa rages.
There is a stone staircase leading up, spattered with blood here.
You hit Duvessa but do no damage. You block Duvessa's attack. x2
You thump Duvessa!
Duvessa is lightly wounded.
You block Duvessa's attack. x2
You hit Duvessa.
Duvessa is moderately wounded.
You block Duvessa's attack. The hobgoblin hits you.
Duvessa hits you with a +0 short sword!
You sock Duvessa!
Duvessa is heavily wounded.
You block Duvessa's attack. You block the hobgoblin's attack.
Duvessa hits you with a +0 short sword. You block the hobgoblin's attack.
You barely miss Duvessa.
Duvessa is moderately wounded.
Duvessa hits you but does no damage. You block Duvessa's attack.
You block the hobgoblin's attack.
You sock Duvessa!
Duvessa is heavily wounded.
Duvessa hits you with a +0 short sword! The hobgoblin hits you.
Duvessa hits you with a +0 short sword!!
* * * LOW HITPOINT WARNING * * *
You are too injured to fight recklessly!
You block Duvessa's attack.
Duvessa hits you with a +0 short sword!!
* * * LOW HITPOINT WARNING * * *
Duvessa hits you with a +0 short sword!!
You die...

######...# #......[..
###########........###.#..##.##
#...........##'##..(.....###.#.
###.#########.#...#............#.
#......# #.#.⌠.#........#####.
#.#.##.# #[#...#........# #.
#.#.##.# #.##+##........## #.
#.#..>.# #....eg...<.w...# #.
#.####.# ####@###.....#..# #.
#.####.# ######.# #..#..#..# #.
#......# #......# #........####.
######.# #.....####......).>....
#.# #...................... #.#
#.....####............. #.#
#.....####.......#####. #.#
###.......##.##### ##. ####.#
#.#####.##. #..


You could see Duvessa (berserk) and a hobgoblin.

Vanquished Creatures
  The ghost of Umoon2 the Ducker, an amateur DsGl (D:3)
  Dowan (D:4)
  A howler monkey (D:3)
  A jelly (D:4)
  An orc priest (D:3)
  An iguana (D:3)
  An orc wizard (D:3)
  4 adders
  5 worms
  A dart slug (D:1)
  5 orcs (D:3)
  6 endoplasms
  5 giant cockroaches
  5 goblins
  5 hobgoblins
  2 jackals (D:1)
  8 kobolds
  5 quokkas
  3 ball pythons
  2 bats
  4 frilled lizards (D:2)
  6 rats
73 creatures vanquished.

Notes
Turn   | Place    | Note
-------+----------+-------------------------------------------
     0 | D:1      | siradein the Troll Fighter began the quest for the Orb.
     0 | D:1      | Reached XP level 1. HP: 22/22 MP: 0/0
   196 | D:1      | Reached XP level 2. HP: 27/29 MP: 1/1
   211 | D:1      | Reached skill level 2 in Maces & Flails
   302 | D:1      | Found a faded altar of an unknown god.
   570 | D:2      | Reached XP level 3. HP: 28/36 MP: 2/2
  1091 | D:2      | Reached XP level 4. HP: 44/44 MP: 3/3
  1626 | D:3      | Found a runed translucent door.
  1638 | D:3      | Noticed Umoon2's ghost (amateur DsGl)
  1680 | D:3      | Reached skill level 3 in Maces & Flails
  1729 | D:3      | Reached XP level 5. HP: 46/53 MP: 4/4
  2222 | D:3      | Found a white marble altar of Elyvilon.
  2616 | D:3      | Killed Umoon2's ghost
  2617 | D:3      | Reached XP level 6. HP: 61/61 MP: 5/5
  2981 | D:4      | Found a glowing golden altar of the Shining One.
  3010 | D:4      | Reached skill level 4 in Maces & Flails
  3032 | D:4      | Noticed Dowan
  3069 | D:4      | Killed Dowan
  3180 | D:4      | Noticed Duvessa
  3331 | D:4      | HP: 3/61 [Duvessa (18)]
  3333 | D:4      | Demolished by Duvessa

Illustrated notes

Levels and vault maps discovered:
D:1:      scummos_arrival_simple_fountains, layout_rooms,
          shapermc_ecumenical_altar_flowoftime, minmay_pentomino_u4
D:2:      minmay_inner_zag, layout_loops_ring
D:3:      layout_basic, mainiacjoe_overflow_chevrons,
          hellmonk_ghost_happy_afterlife
D:4:      layout_loops_cross, nicolae_tso_swordbearing_angel,
          minmay_misc_feat_room, uniq_crazy_yiuf_cottage, uniq_eustachio,
          uniq_duvessa

Skill      XL: |  1  2  3  4  5  6 |
---------------+-------------------+-----
Maces & Flails | 2 3 4 |  4.2
Dodging        | 3 |  3.5
Fighting       | 3 |  3.4
Shields        | 3 |  3.1
Stealth        | |  0.5

Action                   |  1- 3 |  4- 6 || total
-------------------------+-------+-------++-------
Melee: Flail             |   135 |   142 ||   277
       Whip              |     5 |       ||     5
Armor: Robe              |    41 |    48 ||    89
Dodge: Dodged            |    65 |    44 ||   109
Block: Kite shield       |    69 |    52 ||   121

Table legend: (Time is in decaauts)
 A = Elapsed time spent in this place.
 B = Non-inter-level travel time spent in this place.
 C = Inter-level travel time spent in this place.
 D = Time resting spent in this place.
 E = Time spent auto-exploring this place.
 F = Levels seen in this place.
 G = Mean time per level.
                   A        B        C        D        E       F      G
               +--------+--------+--------+--------+--------+-----+--------+
         Total |   3465 |   3356 |    109 |    134 |   2354 |   4 |  866.2 |
       Dungeon |   3465 |   3356 |    109 |    134 |   2354 |   4 |  866.2 |
               +--------+--------+--------+--------+--------+-----+--------+

Top non-repeatable levels by time:
     D:3: 1526 daAuts
     D:2: 908 daAuts
     D:1: 532 daAuts
     D:4: 498 daAuts
